 Dungeon Sprint DCSS version 0.27-a0-93-g19769c27d7 (webtiles) character file.

Game seed: 14003760398446296966

109866 mhtbhm the Archmage (level 15, -6/74 HPs)
             Began as a Deep Elf Earth Elementalist on Jan 17, 2021.
             Was the Champion of Vehumet.
             Killed by a guardian mummy's death curse (10 damage)
             ... in the Dungeon (Sprint III: "The Ten Rune Challenge").
             The game lasted 00:24:42 (6865 turns).

mhtbhm the Archmage (Deep Elf Earth Elementalist)   Turns: 6865, Time: 00:24:42

Health: -6/74      AC:  8    Str:  8    XL:     15   Next: 70%
Magic:  43/48      EV: 18    Int: 29    God:    Vehumet [******]
Gold:   3102       SH:  0    Dex: 13    Spells: 5/68 levels left

rFire    . . .     SeeInvis .   a - staff of earth
rCold    + + +     Faith    .   (no shield)
rNeg     + . .     Spirit   .   c - +2 robe {rPois}
rPois    +         Reflect  .   q - +1 helmet
rElec    .         Harm     .   z - +2 cloak of Vehumet's Condemnation {Int+2}
rCorr    .         Rampage  .   (no gloves)
Will     ++...     NoTele   +   (no boots)
Stlth    ++++++....             t - amulet of the acrobat
HPRegen  0.22/turn              r - ring "Qig Cuq" {+Blink +Fly rN+ Will+ Str+3}
MPRegen  0.31/turn              J - ring of Virtue {+Fly rC+++ Dex-2 Stlth+}

@: slowed, very slow
A: blurry vision 1, deformed body
}: 1/10 runes: silver
a: Renounce Religion, Evoke Blink, Evoke Flight


You were in the Dungeon.
You worshipped Vehumet.
Vehumet was exalted by your worship.
You visited 1 branch You collected 4259 gold pieces.
You spent 1157 gold pieces at shops.

Inventory:

Missiles
 b - 5 stones
 p - 7 curare-tipped darts
Armour
 c - a +2 robe of poison resistance (worn)
 q - a +1 helmet (worn)
 w - quicksilver dragon scales
 z - the +2 cloak of Vehumet's Condemnation (worn) {Int+2}
   (You found it in the Dungeon)

   It affects your intelligence (+2).
Magical Staves
 a - an uncursed staff of earth (weapon)
Jewellery
 r - the ring "Qig Cuq" (left hand) {+Blink +Fly rN+ Will+ Str+3}
   (You bought it in a shop in the Dungeon)

   [ring of flight]

   It affects your strength (+3).
   It protects you from negative energy.
   It affects your willpower, your defense against some magical effects.
   It lets you fly.
   It lets you blink.
 t - an amulet of the acrobat (around neck)
 x - the ring of Umeggae {rF- rC+ Str+3 Int+4}
   (You found it in the Dungeon)

   [ring of protection from cold]

   It affects your strength (+3).
   It affects your intelligence (+4).
   It makes you vulnerable to fire.
   It protects you from cold.
 C - an uncursed ring of resist corrosion
 E - the amulet of Paranoia {Inacc rPois rN+++ Str-3}
   (You found it in the Dungeon)

   [amulet of inaccuracy]

   It reduces the accuracy of all your attacks.
   It affects your strength (-3).
   It protects you from poison.
   It renders you almost immune to negative energy.
 F - an uncursed ring of protection from fire
 J - the ring of Virtue (right hand) {+Fly rC+++ Dex-2 Stlth+}
   (You found it in the Dungeon)

   [ring of flight]

   It affects your dexterity (-2).
   It renders you almost immune to cold.
   It lets you fly.
   It makes you more stealthy.
Wands
 y - a wand of digging (4)
 D - a wand of acid (11)
 G - a wand of iceblast (10)
Scrolls
 i - a scroll of blinking
 j - 2 scrolls of immolation
 l - 4 scrolls of remove curse
 s - 2 scrolls of magic mapping
 v - 3 scrolls of amnesia
 B - 2 scrolls of silence
Potions
 d - 2 potions of curing
 e - 2 potions of heal wounds
 f - a potion of haste
 g - a potion of magic
 h - a potion of berserk rage
 m - 6 potions of flight
 n - 5 potions of mutation
 I - a potion of brilliance
Miscellaneous
 o - a condenser vane
 u - a phantom mirror
 A - a lightning rod (4/4)
 K - a tin of tremorstones (2/2)


   Skills:
 + Level 1.0 Fighting
 + Level 10.2 Dodging
 + Level 11.0 Stealth
 O Level 27 Spellcasting
 + Level 22.1 Conjurations
 + Level 10.0 Transmutations
 + Level 12.1 Fire Magic
 + Level 8.1 Air Magic
 O Level 27 Earth Magic
 + Level 2.1 Poison Magic
 + Level 11.6 Evocations


You had 5 spell levels left.
You knew the following spells:

 Your Spells              Type           Power        Failure   Level
a - Sandblast             Erth           100%         0%          1
b - Passwall              Tmut/Erth      100%         0%          2
c - Stone Arrow           Conj/Erth      100%         0%          3
d - Lee's Rapid Deconstr  Erth           69%          0%          5
e - Petrify               Tmut/Erth      100%         0%          4
f - Mephitic Cloud        Conj/Pois/Air  80%          0%          3
g - Bolt of Magma         Conj/Fire/Erth 62%          0%          5
h - Iron Shot             Conj/Erth      67%          0%          6
i - Lehudib's Crystal Sp  Conj/Erth      67%          1%          8
j - Shatter               Erth           69%          1%          9
k - Ignition              Fire           41%          8%          8
l - Fire Storm            Conj/Fire      47%          16%         9

Your spell library contained the following spells:

 Spells                   Type           Power        Failure   Level
 Beastly Appendage        Tmut           100%         0%          1
 Foxfire                  Conj/Fire      100%         0%          1
 Magic Dart               Conj           100%         0%          1
 Wereblood                Tmut           78%          0%          2
 Conjure Flame            Conj/Fire      95%          0%          3
 Sticky Flame             Conj/Fire      95%          0%          4
 Fireball                 Conj/Fire      47%          0%          5
 Blink                    Tloc           N/A          1%          2
 Call Imp                 Summ           39%          1%          2
 Slow                     Hex            39%          1%          2
 Confusing Touch          Hex            39%          1%          3
 Gell's Gravitas          Tloc           19%          1%          3
 Inner Flame              Hex/Fire       65%          1%          3
 Spider Form              Tmut/Pois      32%          1%          3
 Ice Form                 Ice/Tmut       62%          1%          4
 Blade Hands              Tmut           39%          1%          5
 Yara's Violent Unravell  Hex/Tmut       31%          1%          5
 Metabolic Englaciation   Hex/Ice        19%          19%         5


Dungeon Overview and Level Annotations

Branches:
Dungeon (1/1)

Altars:
Cheibriados
Dithmenos
Elyvilon
Fedhas
Gozag
Hepliaklqana
Kikubaaqudgha
Makhleb
Nemelex Xobeh
Okawaru
Qazlal
Ru
Sif Muna
Trog
Uskayaw
Vehumet
Wu Jian
Xom
Yredelemnul
Zin
The Shining One
Beogh
Jiyva
Lugonu

Shops:
D }=}!:(=([([?


Innate Abilities, Weirdness & Mutations

Scrolls take you a little longer to read.
Armour fits poorly on your strangely shaped body.


Message History

Vehumet accepts your kill.
The royal mummy is heavily damaged.
The royal mummy is moderately damaged.
A door shatters!
You kill the orange demon!
You destroy the flying skull!
You destroy the guardian mummy!
Vehumet accepts your kill.
You feel your power returning.
You destroy the wight!
The phantasmal warrior is moderately damaged.
The phantasmal warrior is severely damaged.
Ka-crash!
You feel extremely nervous for a moment...
You shiver with cold.
You feel extremely nervous for a moment...
Pain shoots through your body!
* * * LOW HITPOINT WARNING * * *
You feel extremely nervous for a moment...
Pain shoots through your body!
You die...

...§...).▓..#....^.^.......#
####..≈#.▓^.#..^....^...^.^#
^^.#..≈#.▓.^#^.####..####.^#
#..##'##▓^.#......W.[W?#..#
##.##...▓..#..#.....:)[#..#
#.####.▓..#..#.MM..))[#..#
#......▓..#.^..M...φ}|#..#
###+###▓..#^.#......###..#
▓..#...@^..^...^..#
▓.....#..........^#
▓#.####.####.#.#### ▓▓▓


You could see 2 royal mummies, a mummy priest and 2 phantasmal warriors.

Vanquished Creatures
  An ancient lich (D)
  Mara (D)
  Frederick (D)
  A golden dragon (D)
  A lich (D)
  2 quicksilver dragons (D)
  A titan (D)
  2 sphinxes (D)
  A deep elf master archer (D)
  An ancient champion (D)
  2 shadow dragons (D)
  Dowan (D)
  Chuck (D)
  A frost giant (D)
  A fire giant (D)
  2 deep elf demonologists (D)
  2 stone giants (D)
  2 vampire knights (D)
  2 deep elf annihilators (D)
  2 deep elf death magi (D)
  A fire dragon (D)
  4 mummy priests (D)
  An ogre mage (D)
  Erolcha (D)
  A yaktaur captain (D)
  16 vault guards (D)
  2 hydras (D)
  2 centaur warriors (D)
  4 dancing weapons (D)
  Urug (D)
  4 deep elf knights (D)
  A spriggan druid (D)
  6 skeletal warriors (D)
  A death drake (D)
  A lindwurm (shapeshifter) (D)
  A lindwurm (D)
  2 obsidian statues (D)
  An orc knight (D)
  2 ugly things (D)
  4 crystal guardians (D)
  2 deep elf magi (D)
  2 cane toads (D)
  A molten gargoyle (D)
  Duvessa (D)
  A rime drake (D)
  A komodo dragon (D)
  A yaktaur (D)
  17 guardian mummies (D)
  A queen bee (D)
  4 spriggan defenders (D)
  3 wandering mushrooms (D)
  2 jumping spiders (shapeshifter) (D)
  3 orc high priests (D)
  A dream sheep (shapeshifter) (D)
  2 tyrant leeches (D)
  10 slime creatures (D)
  5 redbacks (D)
  2 spriggans (D)
  A redback (shapeshifter) (D)
  A shadow (D)
  A spatial vortex (D)
  2 orc warriors (D)
  A swamp drake (D)
  A necrophage (D)
  5 two-headed ogres (D)
  A water elemental (D)
  31 killer bees (D)
  An electric eel (D)
  3 orc priests (D)
  A wizard (D)
  A jelly (D)
  A necromancer (D)
  3 orc wizards (D)
  3 humans (D)
  A kobold demonologist (D)
  An ooze (D)
  A phantom (D)
  10 orcs (D)
  3 rats (D)
  7 butterflies (D)
  A plant (D)
224 creatures vanquished.

Vanquished Creatures (others)
  A killer bee (D)
  A fungus (D)
  13 plants (D)
15 creatures vanquished.

Grand Total: 239 creatures vanquished

Notes
Turn   | Place    | Note
-------+----------+-------------------------------------------
     0 | D        | mhtbhm the Deep Elf Earth Elementalist began the quest for
                  | the Orb.
     0 | D        | Reached XP level 1. HP: 10/10 MP: 6/6
   160 | D        | Reached skill level 5 in Earth Magic
   160 | D        | Reached XP level 2. HP: 8/15 MP: 2/9
   298 | D        | Reached skill level 5 in Spellcasting
   298 | D        | Reached XP level 3. HP: 19/19 MP: 6/11
   301 | D        | Learned a level 2 spell: Passwall
   305 | D        | Learned a level 3 spell: Stone Arrow
   346 | D        | Noticed a water elemental
   349 | D        | Killed a water elemental
   350 | D        | Reached XP level 4. HP: 24/24 MP: 8/14
   393 | D        | Found a radiant altar of Vehumet.
   393 | D        | Found a shimmering blue altar of Sif Muna.
   393 | D        | Found an ancient bone altar of Kikubaaqudgha.
   393 | D        | Noticed a wizard
   395 | D        | Killed a wizard
   397 | D        | Reached XP level 5. HP: 28/28 MP: 11/17
   400 | D        | Became a worshipper of Vehumet
   407 | D        | Learned a level 5 spell: Lee's Rapid Deconstruction
   412 | D        | Learned a level 4 spell: Petrify
   500 | D        | Learned a level 3 spell: Mephitic Cloud
   507 | D        | Found a glowing silver altar of Zin.
   507 | D        | Found a glowing golden altar of the Shining One.
   507 | D        | Found a white marble altar of Elyvilon.
   507 | D        | Noticed a deep elf mage
   509 | D        | Killed a deep elf mage
   510 | D        | Reached XP level 6. HP: 32/32 MP: 7/22
   598 | D        | Found a basalt altar of Yredelemnul.
   598 | D        | Found a shadowy altar of Dithmenos.
   598 | D        | Found a sacrificial altar of Ru.
   599 | D        | Reached * piety under Vehumet
   599 | D        | Offered knowledge of Freeze by Vehumet.
   600 | D        | Reached XP level 7. HP: 36/36 MP: 18/25
   649 | D        | Found a hide-covered altar of Uskayaw.
   649 | D        | Found a roughly hewn altar of Beogh.
   649 | D        | Found an iron altar of Okawaru.
   649 | D        | Found a bloodstained altar of Trog.
   649 | D        | Found an ornate altar of the Wu Jian Council.
   649 | D        | Noticed a human
   649 | D        | Noticed a human
   651 | D        | Killed a human
   652 | D        | Killed a human
   732 | D        | Noticed a shadow
   734 | D        | Killed a shadow
   734 | D        | Reached ** piety under Vehumet
   735 | D        | Reached XP level 8. HP: 41/41 MP: 25/28
   745 | D        | Found a blossoming altar of Fedhas.
   745 | D        | Found a stormy altar of Qazlal.
   745 | D        | Found a snail-covered altar of Cheibriados.
   745 | D        | Found a burning altar of Makhleb.
   745 | D        | Found a shimmering altar of Xom.
   746 | D        | Found a hazy altar of Hepliaklqana.
   746 | D        | Found an opulent altar of Gozag.
   746 | D        | Found a sparkling altar of Nemelex Xobeh.
   746 | D        | Found a corrupted altar of Lugonu.
   746 | D        | Found a viscous altar of Jiyva.
   859 | D        | Offered knowledge of Searing Ray by Vehumet.
   860 | D        | Reached *** piety under Vehumet
   861 | D        | Reached skill level 15 in Spellcasting
   941 | D        | Noticed Erolcha
   942 | D        | Noticed a two-headed ogre
   944 | D        | Killed Erolcha
   945 | D        | Reached skill level 15 in Earth Magic
   945 | D        | Reached XP level 9. HP: 45/45 MP: 16/31
   945 | D        | Killed a two-headed ogre
   945 | D        | Noticed a two-headed ogre
   946 | D        | Killed a two-headed ogre
   946 | D        | Reached **** piety under Vehumet
  1078 | D        | Noticed a wandering mushroom
  1082 | D        | Noticed a wandering mushroom
  1087 | D        | Killed a wandering mushroom
  1087 | D        | Offered knowledge of Inner Flame by Vehumet.
  1088 | D        | Noticed a wandering mushroom
  1094 | D        | Killed a wandering mushroom
  1099 | D        | Killed a wandering mushroom
  1099 | D        | Reached ***** piety under Vehumet
  1225 | D        | Found Qumyvvo's Gadget Boutique.
  1225 | D        | Noticed an orc knight
  1235 | D        | Killed an orc knight
  1236 | D        | Reached skill level 1 in Conjurations
  1236 | D        | Reached skill level 1 in Poison Magic
  1236 | D        | Reached XP level 10. HP: 51/51 MP: 16/34
  1237 | D        | Reached ****** piety under Vehumet
  1433 | D        | Noticed a deep elf knight
  1433 | D        | Noticed a deep elf knight
  1433 | D        | Noticed a deep elf knight
  1433 | D        | Noticed a deep elf knight
  1433 | D        | Noticed a deep elf mage
  1442 | D        | Killed a deep elf mage
  1442 | D        | Offered knowledge of Hailstorm by Vehumet.
  1443 | D        | Reached skill level 1 in Air Magic
  1444 | D        | Killed a deep elf knight
  1444 | D        | Killed a deep elf knight
  1444 | D        | Killed a deep elf knight
  1445 | D        | Killed a deep elf knight
  1446 | D        | Reached skill level 1 in Evocations
  1507 | D        | Noticed a deep elf annihilator
  1508 | D        | Noticed a deep elf demonologist
  1511 | D        | Killed a deep elf demonologist
  1511 | D        | Killed a deep elf death mage
  1512 | D        | Reached skill level 5 in Stealth
  1512 | D        | Reached XP level 11. HP: 55/55 MP: 22/38
  1548 | D        | Identified the +7 short sword "Gomotet" {drain, rF+ Int+4}
  1548 | D        | Noticed a deep elf demonologist
  1550 | D        | Killed a deep elf demonologist
  1602 | D        | Noticed a deep elf annihilator
  1605 | D        | Killed a deep elf annihilator
  1605 | D        | Offered knowledge of Bolt of Magma by Vehumet.
  1605 | D        | Killed a deep elf annihilator
  1607 | D        | Noticed a deep elf death mage
  1613 | D        | Noticed a deep elf master archer
  1918 | D        | Learned a level 5 spell: Bolt of Magma
  1934 | D        | Noticed Duvessa
  1936 | D        | Noticed Dowan
  1941 | D        | Killed Duvessa
  1941 | D        | Offered knowledge of Iron Shot by Vehumet.
  1945 | D        | Killed Dowan
  2081 | D        | Learned a level 6 spell: Iron Shot
  2149 | D        | Killed a deep elf death mage
  2150 | D        | Reached skill level 1 in Fire Magic
  2275 | D        | Offered knowledge of Fireball by Vehumet.
  2473 | D        | Offered knowledge of Ozocubu's Refrigeration by Vehumet.
  2545 | D        | Reached XP level 12. HP: 30/60 MP: 25/42
  2806 | D        | Reached skill level 1 in Fighting
  2887 | D        | Offered knowledge of Orb of Destruction by Vehumet.
  2981 | D        | Noticed Urug
  2990 | D        | Killed Urug
  3106 | D        | Noticed a seven-headed hydra
  3106 | D        | Noticed a six-headed hydra
  3112 | D        | Killed a seven-headed hydra
  3113 | D        | Killed a six-headed hydra
  3277 | D        | Found a blossoming altar of Fedhas.
  3285 | D        | Offered knowledge of Conjure Ball Lightning by Vehumet.
  3429 | D        | Noticed a kraken
  3705 | D        | Offered knowledge of Iskenderun's Battlesphere by Vehumet.
  3764 | D        | Found Mugot's Armour Shop.
  3764 | D        | Found Pyt Xaes's Magic Scroll Shoppe.
  3764 | D        | Found Kusunn's Jewellery Emporium.
  3764 | D        | Found Weminues's Book Boutique.
  3764 | D        | Found Wess's Antique Weapon Emporium.
  3764 | D        | Found Piyrghukk's Antique Weapon Boutique.
  3764 | D        | Found Taluf's Distillery.
  3764 | D        | Found Jetacuum's Antique Armour Emporium.
  3764 | D        | Found Ystrec's Gadget Shop.
  3764 | D        | Found Ruewoic's Antique Weapon Boutique.
  3764 | D        | Found Feizosac's Jewellery Emporium.
  3799 | D        | Bought a shiny helmet for 210 gold pieces
  3812 | D        | Bought the ring "Qig Cuq" {+Blink +Fly rN+ Will+ Str+3} for
                  | 476 gold pieces
  3818 | D        | Bought a scroll of magic mapping for 45 gold pieces
  3818 | D        | Bought a scroll of identify for 26 gold pieces
  3822 | D        | Bought 2 potions of heal wounds for 100 gold pieces
  3825 | D        | Bought an uncursed amulet of the acrobat for 300 gold
                  | pieces
  4154 | D        | Killed a deep elf master archer
  4181 | D        | Got an ancient iron ring
  4184 | D        | Identified the Papyrus of Transmutation
  4193 | D        | Got a warped cloak
  4202 | D        | Identified the +2 cloak of Vehumet's Condemnation {Int+2}
                  | (You found it in the Dungeon)
  4221 | D        | Identified the ring of Umeggae {rF- rC+ Str+3 Int+4} (You
                  | found it in the Dungeon)
  4464 | D        | Offered knowledge of Lehudib's Crystal Spear by Vehumet.
  4478 | D        | Got a clouded amethyst amulet
  4489 | D        | Identified the amulet of Paranoia {Inacc rPois rN+++ Str-3}
                  | (You found it in the Dungeon)
  4507 | D        | Noticed a centaur warrior
  4508 | D        | Killed a centaur warrior
  4509 | D        | Reached XP level 13. HP: 64/64 MP: 41/45
  4533 | D        | Noticed a fire dragon
  4546 | D        | Killed a fire dragon
  4725 | D        | Reached skill level 27 in Spellcasting
  4812 | D        | Learned a level 8 spell: Lehudib's Crystal Spear
  4820 | D        | Offered knowledge of Fire Storm by Vehumet.
  4820 | D        | Offered knowledge of Shatter by Vehumet.
  4820 | D        | Offered knowledge of Ignition by Vehumet.
  4934 | D        | Noticed Chuck
  4970 | D        | Killed Chuck
  4971 | D        | Reached skill level 5 in Transmutations
  5055 | D        | Learned a level 9 spell: Shatter
  5064 | D        | Learned a level 8 spell: Ignition
  5074 | D        | Learned a level 9 spell: Fire Storm
  5103 | D        | Noticed Frederick
  5115 | D        | Killed Frederick
  5248 | D        | Noticed a lich
  5250 | D        | Killed a lich
  5251 | D        | Reached skill level 5 in Conjurations
  5430 | D        | Noticed a shadow dragon
  5431 | D        | Noticed a shadow dragon
  5471 | D        | Killed a shadow dragon
  5509 | D        | Killed a shadow dragon
  5510 | D        | Reached skill level 27 in Earth Magic
  5678 | D        | Noticed a quicksilver dragon
  5678 | D        | Noticed a quicksilver dragon
  5678 | D        | Noticed a fire giant
  5678 | D        | Noticed a titan
  5678 | D        | Noticed a golden dragon
  5678 | D        | Noticed a stone giant
  5678 | D        | Noticed a stone giant
  5681 | D        | Reached XP level 14. HP: 70/70 MP: 43/47
  5681 | D        | Killed a stone giant
  5682 | D        | Reached skill level 10 in Conjurations
  5682 | D        | Reached skill level 5 in Evocations
  5682 | D        | Killed a fire giant
  5682 | D        | Killed a titan
  5682 | D        | Killed a stone giant
  5683 | D        | Reached skill level 5 in Air Magic
  5684 | D        | Killed a golden dragon
  5684 | D        | Noticed a frost giant
  5685 | D        | Reached skill level 15 in Conjurations
  5686 | D        | Killed a frost giant
  5687 | D        | Killed a quicksilver dragon
  5690 | D        | Killed a quicksilver dragon
  5691 | D        | Reached skill level 10 in Fire Magic
  5845 | D        | Got a steaming lapis lazuli ring
  5849 | D        | Got a silver rune of Zot
  5873 | D        | Identified the ring of Virtue {+Fly rC+++ Dex-2 Stlth+}
                  | (You found it in the Dungeon)
  5964 | D        | Reached XP level 15. HP: 74/74 MP: 45/48
  6023 | D        | Noticed an ancient lich
  6043 | D        | Noticed Mara
  6046 | D        | Killed an ancient lich
  6047 | D        | Killed Mara
  6047 | D        | Noticed a sphinx
  6048 | D        | Noticed a sphinx
  6054 | D        | Reached skill level 10 in Evocations
  6054 | D        | Killed a sphinx
  6055 | D        | Killed a sphinx
  6085 | D        | Gained mutation: Armour fits poorly on your strangely
                  | shaped body. [mutagenic glow]
  6094 | D        | Gained mutation: Scrolls take you a little longer to read.
                  | [mutagenic glow]
  6237 | D        | Noticed an ancient champion
  6243 | D        | Killed an ancient champion
  6616 | D        | Reached skill level 10 in Stealth
  6700 | D        | Reached skill level 10 in Dodging
  6813 | D        | Acquired 320 gold pieces
  6862 | D        | Noticed a royal mummy
  6862 | D        | Noticed a royal mummy
  6863 | D        | Reached skill level 10 in Transmutations
  6865 | D        | Killed by a guardian mummy's death curse

Illustrated notes

Levels and vault maps discovered:
D:        dungeon_sprint_mu [sprint_mu_entry_forest, sprint_mu_temple_rooms,
          sprint_mu_d1_spiders, sprint_mu_d2_genie, sprint_mu_d3_branching,
          sprint_mu_orc_legion, sprint_mu_elf_gauntlet, sprint_mu_hive_nellie,
          sprint_mu_lair_fedhas, sprint_mu_vaults_butterflies,
          sprint_mu_slime_circle, sprint_mu_swamp_cave, sprint_mu_shoals_kraken,
          sprint_mu_blade_basic, sprint_mu_crypt_lich, sprint_mu_tomb_spiral,
          sprint_mu_vestibule_basic, sprint_mu_gehenna_hellfire,
          sprint_mu_dis_giant, sprint_mu_tartarus_statrot,
          sprint_mu_cocytus_islands, sprint_mu_zot1]

Skill      XL: |  1  2  3  4  5  6  7  8  9 10 11 12 13 14 15 |
---------------+----------------------------------------------+-----
Dodging        | 3 4 6 7 8 10 | 10.2
Earth Magic    | 5 7 8 11 12 13 15 17 19 21 23 27 | 27.0
Spellcasting   | 4 5 6 8 11 12 14 16 18 21 24 26 27 | 27.0
Stealth        | 3 4 5 7 11 | 11.0
Conjurations   | 1 2 3 7 17 22 | 22.1
Poison Magic   | 1 2 |  2.1
Air Magic      | 1 3 6 8 |  8.1
Evocations     | 1 2 4 8 11 | 11.6
Fire Magic     | 1 2 4 10 12 | 12.1
Transmutations | 4 5 8 10 | 10.0
Fighting       | 1 |  1.0

Action                   |  1- 3 |  4- 6 |  7- 9 | 10-12 | 13-15 || total
-------------------------+-------+-------+-------+-------+-------++-------
Melee: Staff             |       |       |       |     8 |     2 ||    10
       Dagger            |       |       |       |     8 |       ||     8
 Cast: Sandblast         |    18 |     3 |     1 |     3 |       ||    25
       Lee's Rapid Decon |       |     3 |    22 |   104 |    54 ||   183
       Stone Arrow       |       |       |    11 |     1 |     2 ||    14
       Mephitic Cloud    |       |       |     2 |     4 |     3 ||     9
       Petrify           |       |       |       |    11 |     3 ||    14
       Bolt of Magma     |       |       |       |     7 |     6 ||    13
       Passwall          |       |       |       |     3 |       ||     3
       Lehudib's Crystal |       |       |       |       |    15 ||    15
       Iron Shot         |       |       |       |       |     2 ||     2
       Shatter           |       |       |       |       |    13 ||    13
 Abil: Evoke Flight      |       |       |       |     2 |     3 ||     5
Evoke: Condenser vane    |       |       |     1 |     3 |     3 ||     7
       Lightning rod     |       |       |       |       |     1 ||     1
  Use: Scroll            |     2 |       |       |       |     5 ||     7
       Potion            |       |       |     1 |     1 |     3 ||     5
 Stab: Sleeping          |       |       |       |       |     1 ||     1
Armor: Robe              |       |       |       |     3 |     3 ||     6
Dodge: Dodged            |     4 |       |       |    20 |    14 ||    38

Table legend: (Time is in decaauts)
 A = Elapsed time spent in this place.
 B = Non-inter-level travel time spent in this place.
 C = Inter-level travel time spent in this place.
 D = Time resting spent in this place.
 E = Time spent auto-exploring this place.
 F = Levels seen in this place.
 G = Mean time per level.
                   A        B        C        D        E       F      G
               +--------+--------+--------+--------+--------+-----+--------+
         Total |   6886 |   6738 |    148 |   4808 |      1 |   1 | 6886.0 |
       Dungeon |   6886 |   6738 |    148 |   4808 |      1 |   1 | 6886.0 |
               +--------+--------+--------+--------+--------+-----+--------+

Top non-repeatable levels by time:
       D: 6886 daAuts
